 Dungeon Crawl Stone Soup version 0.31.0-12-g77e489cdc1 (webtiles) character file.

Game seed: 12119279950527888288

111 Peloso the Covered (level 4, -2/40 HPs)
             Began as a Minotaur Fighter on Mar 6, 2024.
             Slain by an orc
             ... wielding a +0 dagger
              (3 damage)
             ... on level 4 of the Dungeon.
             The game lasted 00:04:57 (2136 turns).

Peloso the Covered (Minotaur Fighter)               Turns: 2136, Time: 00:04:57

Health: -2/40      AC: 12    Str: 18 (21) XL:     4   Next: 62%
Magic:  3/3        EV:  8    Int:  5      God:
Gold:   127        SH:  4    Dex: 11      Spells: 3/3 levels left

rFire   . . .        a - +0 long sword
rCold   + . .        d - +0 buckler
rNeg    . . .        e - +2 chain mail {rC+}
rPois   .            (helmet restricted)
rElec   .            (no cloak)
rCorr   .            (no gloves)
SInv    .            k - +0 pair of boots
Will    +....        (no amulet) Stlth
                     p - ring of willpower
HPRegen 0.26/turn    (no ring)
MPRegen 0.08/turn

%: no passive effects
@: no status effects
A: horns 2, retaliatory headbutt
a: no special abilities


You were on level 4 of the Dungeon.
You visited 1 branch of the dungeon, and saw 4 of its levels.

You collected 127 gold pieces.

Inventory:

Hand Weapons
 a - a +0 long sword (weapon)
Armour
 b - a +0 scale mail
 c - the +5 ring mail of the First Towns {*Corrode +Blink rF+ Will+}
   (You found it on level 2 of the Dungeon)

   rF+:       It protects you from fire.
   Will+:     It increases your willpower.
   +Blink:    It lets you blink.
   *Corrode:  It may corrode you when you take damage.
 d - a +0 buckler (worn)
 e - a +2 chain mail of cold resistance (worn)
 k - a +0 pair of boots (worn)
Jewellery
 p - a ring of willpower (left hand)
Scrolls
 i - a scroll of immolation
 j - a scroll of fear
 l - a scroll of revelation
 q - a scroll of enchant armour {unknown}
 s - a scroll of amnesia
Potions
 n - 2 potions of might
 r - a potion of cancellation


   Skills:
 + Level 4.1 Fighting
 + Level 3.7 Long Blades
 + Level 4.4 Armour
 + Level 1.9 Dodging
 + Level 4.1 Shields


You had 3 spell levels left.
You didn't know any spells.
Your spell library was empty.

Dungeon Overview and Level Annotations

Branches:
Dungeon (4/15)
 Temple: D:4-7

Altars:

Shops:
D:1 [

Annotations:
D:4 Dowan, Duvessa


Innate Abilities, Weirdness & Mutations

You have a pair of horns on your head.
You reflexively headbutt those who attack you in melee.


Message History

The goblin closely misses you.
You closely miss the orc priest.
The orc priest is moderately wounded.
The orc priest barely misses you. The goblin hits you but does no damage.
The goblin hits you with a +0 dagger.
You barely miss the orc priest. You headbutt the orc priest.
The orc priest is moderately wounded.
The orc priest miscasts a cantrip.
The goblin hits you but does no damage. The goblin hits you with a +0 dagger.
Unknown command.
You slash the orc priest!
The orc priest is almost dead.
The goblin hits you but does no damage. The goblin closely misses you.
The orc hits you with a +0 club. The orc priest barely misses you.
The orc hits you but does no damage. The goblin closely misses you.
The orc closely misses you. You furiously retaliate!
You headbutt the orc, but do no damage. The goblin hits you but does no damage.
The orc hits you but does no damage.
You hit the orc. You headbutt the orc, but do no damage.
The orc is almost dead.
The orc closely misses you. The orc priest misses you.
The orc barely misses you.
The goblin hits you but does no damage. x2
The orc barely misses you. You furiously retaliate!
You headbutt the orc.
Unknown command.
You slash the orc!
You kill the orc!
You block the orc's attack.
The orc priest invokes the aid of Beogh against you.
Beogh smites you!
* * * LOW HITPOINT WARNING * * *
The orc hits you but does no damage. The goblin closely misses you.
You block the goblin's attack.
Okay, then.
Unknown command.
You hit the orc priest.
You kill the orc priest!
The orc hits you with a +0 club.
* * * LOW HITPOINT WARNING * * *
The orc hits you with a +0 dagger.
You die...

...........#
............#
............#
............###########
......................#
.....................##
...........####.......#
......o....# #.........
......g@).## #.<.......
......g)o## #.........
........## #.........
.......## #.........
....... #.........
.....#. #.........
....##. ##........ .###
#. #........


You could see 2 orcs and 2 goblins.

Vanquished Creatures
  An orc priest (D:4)
  Robin (D:3)
  4 adders
  A dart slug (D:1)
  An orc (D:4)
  4 ball pythons
  4 bats
  5 endoplasms
  6 giant cockroaches
  5 hobgoblins
  2 jackals (D:3)
  2 kobolds
  2 quokkas (D:1)
  2 frilled lizards (D:1)
  12 goblins
  4 rats
56 creatures vanquished.

Notes
Turn   | Place    | Note
-------+----------+-------------------------------------------
     0 | D:1      | Peloso the Minotaur Fighter began the quest for the Orb.
     0 | D:1      | Reached XP level 1. HP: 19/19 MP: 0/0
    11 | D:1      | You fall into a shaft and drop 1 floor!
   141 | D:2      | Reached XP level 2. HP: 7/27 MP: 1/1
   589 | D:2      | Reached XP level 3. HP: 33/33 MP: 2/2
   678 | D:2      | Identified the +5 ring mail of the First Towns {*Corrode
                  | +Blink rF+ Will+}
   919 | D:1      | Found Jech's Antique Armour Boutique.
  1565 | D:3      | Reached XP level 4. HP: 37/40 MP: 3/3
  1567 | D:3      | Noticed Robin
  1568 | D:3      | Reached skill level 1 in Dodging
  1582 | D:3      | Killed Robin
  2108 | D:4      | Noticed Duvessa
  2108 | D:4      | Noticed Dowan
  2136 | D:4      | HP: 1/40 [orc/+0 club (2)]
  2136 | D:4      | Slain by an orc

Illustrated notes

Levels and vault maps discovered:
D:1:      dpeg_arrival_oval, layout_rooms, serial_shops,
          nicolae_shop_tiny_glass, minmay_pentomino_w2
D:2:      layout_basic
D:3:      layout_rooms, roderic_serpentine_path, minivault_24, uniq_robin
D:4:      layout_cave_pods, kiku_gazebo_garden_becter,
          gammafunk_ghost_stat_death, nicolae_wormholes, uniq_duvessa

Skill      XL: |  1  2  3  4 |
---------------+-------------+-----
Armour         | 4 |  4.4
Long Blades    | 3 |  3.7
Shields        | 4 |  4.1
Fighting       | 4 |  4.1
Dodging        | 1 |  1.9

Action                     |  1- 3 |  4- 6 || total
---------------------------+-------+-------++-------
  Melee: Long sword        |    83 |    39 ||   122
         Headbutt          |     7 |     9 ||    16
    Use: Potion            |     4 |       ||     4
         Scroll            |       |     7 ||     7
 Armour: Scale mail        |    23 |       ||    23
         Ring mail         |    41 |       ||    41
         Chain mail        |    14 |    57 ||    71
  Dodge: Dodged            |    58 |    32 ||    90
  Block: Buckler           |    21 |     6 ||    27
